 Dungeon Crawl Stone Soup version 0.31-a0-667-g39726597b9 (webtiles) character file.

Game seed: 9226714063394791766

2755 Corto the Digger (level 9, -3/51 HPs)
             Began as a Gargoyle Earth Elementalist on Sept 3, 2023.
             Was a Believer of Vehumet.
             Slain by an orc warrior
             ... wielding a +0 battleaxe
              (14 damage)
             ... on level 7 of the Dungeon.
             The game lasted 00:17:05 (6484 turns).

Corto the Digger (Gargoyle Earth Elementalist)      Turns: 6484, Time: 00:17:07

Health: -3/51      AC: 19    Str: 12    XL:     9   Next: 69%
Magic:  12/17      EV: 12    Int: 20    God:    Vehumet [**....]
Gold:   431        SH:  5    Dex: 10    Spells: 15/19 levels left

rFire   + . .        f - +2 whip (freeze)
rCold   . . .        (no shield)
rNeg    + . .        B - +0 steam dragon scales
rPois   ∞            (no helmet)
rElec   +            o - +0 cloak
rCorr   .            d - +2 pair of gloves
SInv    +            v - +2 pair of boots
Will    .....        l - amulet of reflection
Stlth   ++           h - ring of see invisible
HPRegen 0.28/turn    j - ring of protection from fire
MPRegen 0.15/turn

%: reflection
@: no status effects
A: sickness immunity, AC +6, negative energy resistance 1, electricity
resistance, torment resistance 1, petrification resistance
a: Renounce Religion


You were on level 7 of the Dungeon.
You worshipped Vehumet.
Vehumet was pleased with you.
You visited 2 branches of the dungeon, and saw 9 of its levels.

You collected 431 gold pieces.

Inventory:

Hand Weapons
 f - a +2 whip of freezing (weapon)
 p - a +4 quarterstaff of chaos
 q - a +1 flail of holy wrath
Missiles
 t - a throwing net
Armour
 d - a +2 pair of gloves (worn)
 o - a +0 cloak (worn)
 v - a +2 pair of boots (worn)
 B - +0 steam dragon scales (worn)
Jewellery
 h - a ring of see invisible (left hand)
 j - a ring of protection from fire (right hand)
 l - an amulet of reflection (around neck)
Wands
 i - a wand of digging (4)
 s - a wand of flame (15)
Scrolls
 a - a scroll of identify {@r9}
 c - a scroll of enchant weapon
 g - 6 scrolls of teleportation {@r4}
Potions
 b - 2 potions of magic
 e - 3 potions of enlightenment
 k - 2 potions of berserk rage
 n - 3 potions of curing {@q1}
 r - a potion of ambrosia
 u - a potion of heal wounds {@q2}
 x - a potion of haste {unknown}
 A - 2 potions of attraction {unknown}


   Skills:
 + Level 3.5 Fighting
 + Level 3.0 Maces & Flails
 + Level 3.5 Armour
 + Level 3.2 Dodging
 - Level 2.1 Stealth
 + Level 2.9 Shields
 + Level 5.5 Spellcasting
 + Level 5.5 Conjurations
 - Level 0.7 Transmutations
 + Level 2.8 Fire Magic
 + Level 7.6 Earth Magic
 + Level 2.8 Evocations


You had 15 spell levels left.
You knew the following spells:

 Your Spells              Type           Power      Damage    Failure   Level
a - Sandblast             Erth           72%        2d16      1%          1
b - Stone Arrow           Conj/Erth      62%        3d10      2%          3

Your spell library contained the following spells:

 Spells                   Type           Power      Damage    Failure   Level
 Kiss of Death            Conj/Necr      64%        2d10      3%          1
 Shock                    Conj/Air       64%        1d7       3%          1
 Passwall                 Tmut/Erth      18%        N/A       3%          2
 Apportation              Tloc           10%        N/A       11%         1
 Necrotise                Necr           20%        1d5       11%         1
 Summon Small Mammal      Summ           20%        N/A       11%         1
 Petrify                  Tmut/Erth      22%        N/A       21%         4
 Swiftness                Air            5%         N/A       32%         3
 Airstrike                Air            2%         2d(1-17)  73%         4


Dungeon Overview and Level Annotations

Branches:
Dungeon (8/15)             Temple (1/1) D:4
   Lair: D:8-11

Altars:
Ashenzari
Cheibriados
Dithmenos
Elyvilon
Fedhas
Gozag
Hepliaklqana
Kikubaaqudgha
Makhleb
Nemelex Xobeh
Okawaru
Qazlal
Ru
Sif Muna
Trog
Uskayaw
Vehumet
Wu Jian
Xom
Yredelemnul
Zin
The Shining One


Innate Abilities, Weirdness & Mutations

You are immune to sickness and miasma.
Your stone body is resilient. (AC +6)
You are immune to poison.
You resist negative energy. (rN+)
You are resistant to electric shocks. (rElec)
You are resistant to unholy torment.
You are immune to petrification.


Message History

The orc warrior barely misses you.
The orc priest calls upon Beogh to heal the orc priest.
The orc priest is healed somewhat.
Casting: Sandblast (safe; 1% risk of failure)
Confirm with . or Enter, or press ? or * to list all spells.
The blast of sand hits the orc warrior.
The orc warrior is lightly wounded.
The orc warrior barely misses you.
The orc priest miscasts a cantrip.
The orc warrior attacks as it pursues you!
You block the orc warrior's attack.
The orc warrior hits you with a +0 battleaxe!
The orc priest calls down the wrath of Beogh upon you.
Beogh smites you!
There is a stone staircase leading up here.
Casting: Sandblast (safe; 1% risk of failure)
Confirm with . or Enter, or press ? or * to list all spells.
The blast of sand hits the orc warrior but does no damage.
The orc warrior is lightly wounded.
The orc priest calls down the wrath of Beogh upon you.
Beogh smites you!
The orc priest calls upon Beogh to heal the orc warrior.
The orc warrior's wounds heal themselves!
You climb upwards.
There is a stone staircase leading down here.
Casting: Sandblast (safe; 1% risk of failure)
Confirm with . or Enter, or press ? or * to list all spells.
The blast of sand misses the orc warrior.
The orc warrior hits you with a +0 battleaxe!
* * * LOW HITPOINT WARNING * * *
You block the orc warrior's attack.
Casting: Sandblast (safe; 1% risk of failure)
Confirm with . or Enter, or press ? or * to list all spells.
Aiming: Stone Arrow (dangerous; 2% risk of failure)
Press: ? - help, Shift-Dir - straight line, f/p - orc warrior
Aim: an orc warrior, wielding a +0 battleaxe and wearing a +0 plate armour (74% to hit)
The stone arrow hits the orc warrior!
The orc warrior is heavily wounded.
The orc warrior hits you with a +0 battleaxe!
You die... █•••••••••••••••••██ █•████••••█████████ █•████•████ █████••••••█ ••••••██████ █████•█ ███████ ••███•█ █•••••█ █••██•█ █•••••█ █•••••█ █••@••█ █•••████ ███o•███ ••█••••█ █••••█ •█████•█ █•••██ ••█ █•█ █••██ ••█ █•███████•██ ••████••█••••••█ ••••███•••███•██ ••█••••••████•█

You could see an orc warrior.

Vanquished Creatures
  A troll (D:6)
  Grinder (D:5)
  A wyvern (D:8)
  3 steam dragons
  2 water moccasins
  2 ice beasts (D:7)
  An orc warrior (D:7)
  A black bear (D:6)
  A sky beast (D:6)
  2 phantoms
  A bullfrog (D:8)
  3 scorpions
  A quasit (D:5)
  Crazy Yiuf (D:2)
  An orc priest (D:7)
  4 hounds
  2 gnoll boudas
  2 sleepcaps
  An iguana (D:7)
  3 orc wizards
  13 gnolls
  7 adders
  A white imp (D:7)
  3 ufetubi (D:5)
  A worm (D:4)
  6 dart slugs
  11 orcs
  2 bats (D:2)
  6 endoplasms
  7 giant cockroaches
  8 goblins
  10 hobgoblins
  12 kobolds
  5 quokkas
  6 ball pythons
  4 frilled lizards
  A goblin skeleton (D:5)
  A goblin zombie (D:5)
  3 hobgoblin zombies (D:5)
  3 kobold skeletons (D:5)
  A kobold zombie (D:5)
  2 orc skeletons (D:5)
  8 rats
155 creatures vanquished.

Notes
Turn   | Place    | Note
-------+----------+-------------------------------------------
     0 | D:1      | Corto the Gargoyle Earth Elementalist began the quest for
                  | the Orb.
     0 | D:1      | Reached XP level 1. HP: 10/10 MP: 3/3
    75 | D:1      | Reached skill level 4 in Earth Magic
    75 | D:1      | Reached XP level 2. HP: 6/15 MP: 0/5
   625 | D:1      | Reached XP level 3. HP: 19/19 MP: 4/6
   630 | D:1      | Learned a level 3 spell: Stone Arrow
  1521 | D:2      | Found a runed translucent door.
  1522 | D:2      | Noticed Crazy Yiuf
  1993 | D:2      | Killed Crazy Yiuf
  1994 | D:2      | Reached skill level 1 in Conjurations
  1994 | D:2      | Reached XP level 4. HP: 24/24 MP: 5/8
  2089 | D:3      | Reached skill level 5 in Earth Magic
  2096 | D:3      | Reached XP level 5. HP: 19/28 MP: 0/10
  2805 | D:4      | Noticed a phantom
  2811 | D:4      | Killed a phantom
  2812 | D:4      | Reached XP level 6. HP: 32/32 MP: 5/11
  3292 | D:4      | Found a radiant altar of Vehumet.
  3299 | D:4      | Became a worshipper of Vehumet
  3324 | D:4      | Found a staircase to the Ecumenical Temple.
  3382 | Temple   | Entered the Ecumenical Temple
  3759 | D:5      | Entered Level 5 of the Dungeon
  3761 | D:5      | Reached skill level 6 in Earth Magic
  3824 | D:5      | Noticed a water moccasin
  3833 | D:5      | Killed a water moccasin
  3834 | D:5      | Reached XP level 7. HP: 32/36 MP: 4/13
  3937 | D:5      | Noticed a +0 hand axe
  3938 | D:5      | Found a hide-covered altar of Uskayaw.
  3938 | D:5      | Noticed a +0 dagger
  3955 | D:5      | Noticed Grinder
  3983 | D:5      | Paralysed by Grinder for 2 turns
  3990 | D:5      | Killed Grinder
  3991 | D:5      | Reached skill level 1 in Fighting
  3991 | D:5      | Reached skill level 1 in Maces & Flails
  3991 | D:5      | Reached skill level 1 in Armour
  3991 | D:5      | Reached skill level 1 in Evocations
  4008 | D:5      | Found a glowing golden altar of the Shining One.
  4073 | D:5      | Reached * piety under Vehumet
  4073 | D:5      | Offered knowledge of Shock by Vehumet.
  4074 | D:5      | Reached XP level 8. HP: 43/43 MP: 5/15
  4913 | D:6      | Reached skill level 1 in Shields
  4913 | D:6      | Reached skill level 1 in Fire Magic
  4968 | D:6      | Reached skill level 7 in Earth Magic
  5012 | D:6      | Noticed a troll
  5016 | D:6      | Killed a troll
  5017 | D:6      | Reached skill level 5 in Spellcasting
  5364 | D:6      | Reached XP level 9. HP: 49/49 MP: 13/16
  5472 | D:6      | Reached skill level 5 in Conjurations
  5585 | D:6      | Offered knowledge of Kiss of Death by Vehumet.
  5704 | D:7      | Reached ** piety under Vehumet
  6484 | D:7      | Slain by an orc warrior

Illustrated notes

Levels and vault maps discovered:
D:1:      dpeg_arrival_rooms_b, layout_basic
D:2:      layout_loops_corners, uniq_crazy_yiuf_cottage
D:3:      layout_rooms
D:4:      layout_basic, lemuel_round_altar, minmay_temple_entry_tees,
          grunt_decor_resistance, kennysheep_path_1, feat_on_display
D:5:      layout_basic, dancing_weapons_uskayaw, nicolae_tso_besieged_by_evil,
          serial_glass, glass_columns_b, glass_columns_b, uniq_grinder
D:6:      layout_basic
D:7:      layout_rooms, corexii_leaking_fountain, nicolae_sextant
D:8:      layout_cave_pools, lair_entry_dummy, serial_shops, shop,
          enter_bailey_7
Temple:   nicolae_temple_bog_church

Skill      XL: |  1  2  3  4  5  6  7  8  9 |
---------------+----------------------------+-----
Earth Magic    | 4 5 6 7 |  7.6
Spellcasting   | 3 4 5 |  5.5
Conjurations   | 1 2 4 5 |  5.5
Fighting       | 1 2 3 |  3.5
Maces & Flails | 1 2 3 |  3.0
Armour         | 1 2 3 |  3.5
Dodging        | 2 3 |  3.2
Evocations     | 1 2 |  2.8
Shields        | 1 2 |  2.9
Fire Magic     | 1 2 |  2.8
Stealth        | |  2.1
Transmutations | |  0.7

Action                     |  1- 3 |  4- 6 |  7- 9 || total
---------------------------+-------+-------+-------++-------
  Melee: Unarmed           |    13 |       |       ||    13
         Punch             |     1 |       |       ||     1
         Whip              |       |     4 |    22 ||    26
   Cast: Sandblast         |    45 |    98 |   151 ||   294
         Stone Arrow       |       |       |     2 ||     2
    Use: Scroll            |       |    10 |     9 ||    19
         Potion            |       |       |     1 ||     1
 Armour: Robe              |     8 |    32 |    65 ||   105
         Steam dragon scal |       |       |    32 ||    32
  Dodge: Dodged            |    16 |    35 |    78 ||   129
  Block: Other             |       |    14 |    35 ||    49
         Reflection        |       |       |     1 ||     1

Table legend: (Time is in decaauts)
 A = Elapsed time spent in this place.
 B = Non-inter-level travel time spent in this place.
 C = Inter-level travel time spent in this place.
 D = Time resting spent in this place.
 E = Time spent auto-exploring this place.
 F = Levels seen in this place.
 G = Mean time per level.
                   A        B        C        D        E       F      G
               +--------+--------+--------+--------+--------+-----+--------+
         Total |   6630 |   6425 |    205 |     58 |   5301 |   9 |  736.7 |
       Dungeon |   6524 |   6346 |    178 |      3 |   5301 |   8 |  815.5 |
        Temple |    106 |     79 |     27 |     55 |      0 |   1 |  106.0 |
               +--------+--------+--------+--------+--------+-----+--------+

Top non-repeatable levels by time:
     D:5: 1172 daAuts
     D:2: 1070 daAuts
     D:1: 1012 daAuts
     D:4: 929 daAuts
     D:7: 808 daAuts
     D:6: 737 daAuts
     D:3: 704 daAuts
  Temple: 106 daAuts
     D:8: 88 daAuts
